 Dungeon Crawl Stone Soup version 0.30-a0-137-gd8773701ce (webtiles) character file.

Game seed: 4789163815548267144

26 IdlyInterested the Ducker (level 2, 0/22 HPs)
             Began as a Demonspawn Gladiator on Sept 22, 2022.
             Slain by Sigmund
             ... wielding a +0 scythe
              (9 damage)
             ... on level 2 of the Dungeon.
             The game lasted 00:02:51 (1231 turns).

IdlyInterested the Ducker (Demonspawn Gladiator)    Turns: 1231, Time: 00:02:52

Health: 0/22       AC:  8    Str: 14    XL:     2   Next: 89%
Magic:  2/2        EV: 11    Int:  9    God:
Gold:   87         SH:  0    Dex: 14    Spells: 1/1 levels left

rFire   . . .      SeeInvis .    a - +0 rapier
rCold   . . .      Faith    .    (no shield)
rNeg    . . .      Spirit   .    k - +0 ring mail
rPois   .          Reflect  .    c - +0 helmet
rElec   .          Harm     .    (no cloak)
rCorr   .          Rampage  .    (no gloves)
Will    .....                    (no boots)
Stlth   ..........               (no amulet)
HPRegen 0.07/turn                (no ring)
MPRegen 0.08/turn                (no ring)

@: confused, ambrosia-drunk
A: molten scales 1
a: no special abilities


You were on level 2 of the Dungeon.
You visited 1 branch of the dungeon, and saw 2 of its levels.

You collected 87 gold pieces.

Inventory:

Hand Weapons
 a - a +0 rapier (weapon)
 f - a +0 dagger
Missiles
 d - 3 throwing nets (quivered)
 e - 7 javelins
 g - 4 poisoned darts
Armour
 b - a +0 leather armour
 c - a +0 helmet (worn)
 k - a +0 ring mail (worn)
Scrolls
 i - a scroll of identify {unknown}
 j - a scroll of magic mapping {unknown}
 l - a scroll of noise {unknown}
 m - a scroll of enchant armour {unknown}


   Skills:
 - Level 2.0 Fighting
 - Level 2.6 Short Blades
 - Level 1.7 Throwing
 + Level 1.1 Armour
 - Level 2.6 Dodging
 * Level 2.1 Stealth


You had one spell level left.
You didn't know any spells.
Your spell library was empty.

Dungeon Overview and Level Annotations

Branches:
Dungeon (2/15)

Altars:

Annotations:
D:2 Sigmund


Innate Abilities, Weirdness & Mutations

You are partially covered in molten scales. (AC +2)


Message History

Found a stone staircase leading down.
There is a stone staircase leading up here.
Found a lajatang.
e - 7 javelins (gained 3)
You now have 87 gold pieces (gained 9).
There is a stone staircase leading up here.
You climb upwards.
There is a stone staircase leading down here.
You climb downwards.
There is a stone staircase leading up here.
You see here a +0 lajatang.
n - a +0 lajatang You drop a +0 lajatang.
Sigmund and a dart slug come into view.
Sigmund shouts!
The dart slug launches a dart at you. The slug dart hits you.
Sigmund casts a spell.
Sigmund flickers and vanishes!
Deactivating autopickup; reactivate with Ctrl-A.
You hit the dart slug.
The dart slug is heavily wounded.
The dart slug barely misses you.
You barely miss the dart slug.
The dart slug is heavily wounded.
Something hits you!
You hit the dart slug.
You kill the dart slug!
A puff of flame appears from out of thin air!
The puff of flame hits you. Something hits you. Something hits you!
* * * LOW HITPOINT WARNING * * *
It was a potion of ambrosia.
You are confused.
You feel invigorated.
You completely miss something. Something hits you.
* * * LOW HITPOINT WARNING * * *
You closely miss something. Something hits you!
You die...

###..###
###.###
#.....#
#.>...#
#.....#
#..)..#
#.....###
#.......#
#.#####@#
#.# #{#
#. #.##
.. #..##
. ##..#
##.†.#
.....#
.####..#
.# #...


There were no monsters in sight!

Vanquished Creatures
  A dart slug (D:2)
  3 endoplasms (D:1)
  A giant cockroach (D:1)
  A goblin (D:1)
  4 hobgoblins (D:1)
  2 kobolds (D:1)
  5 ball pythons (D:1)
  2 bats (D:1)
  A frilled lizard (D:1)
  2 rats (D:1)
22 creatures vanquished.

Notes
Turn   | Place    | Note
-------+----------+-------------------------------------------
     0 | D:1      | IdlyInterested the Demonspawn Gladiator began the quest for
                  | the Orb.
     0 | D:1      | Reached XP level 1. HP: 16/16 MP: 1/1
     3 | D:1      | Noticed an electric eel
     4 | D:1      | Noticed an electric eel
   369 | D:1      | Reached skill level 1 in Stealth
   374 | D:1      | Gained mutation: You are partially covered in molten
                  | scales. (AC +2) [demonic ancestry]
   374 | D:1      | Reached XP level 2. HP: 17/22 MP: 2/2
   599 | D:1      | Reached skill level 1 in Armour
   913 | D:1      | Found a faded altar of an unknown god.
  1214 | D:2      | Noticed Sigmund
  1228 | D:2      | HP: 1/22 [something (7)]
  1231 | D:2      | Slain by Sigmund

Illustrated notes

Levels and vault maps discovered:
D:1:      arrival_aquarium_b, layout_basic,
          shapermc_ecumenical_altar_mp_vishouse, minmay_tromino_v4_b
D:2:      layout_rooms, hangedman_abyss_or_decor_stabs, chequers_arboretum,
          uniq_sigmund, uniq_natasha

Skill      XL: |  1  2 |
---------------+-------+-----
Stealth        | 1 2 |  2.1
Armour         | 1 |  1.1
Fighting       | |  2.0
Short Blades   | |  2.6
Throwing       | |  1.7
Dodging        | |  2.6

Action                   || total
-------------------------++-------
Melee: Rapier            ||    58
  Use: Potion            ||     1
 Stab: Sleeping          ||     3
Armor: Leather armour    ||    23
Dodge: Dodged            ||    29

Table legend: (Time is in decaauts)
 A = Elapsed time spent in this place.
 B = Non-inter-level travel time spent in this place.
 C = Inter-level travel time spent in this place.
 D = Time resting spent in this place.
 E = Time spent auto-exploring this place.
 F = Levels seen in this place.
 G = Mean time per level.
                   A        B        C        D        E       F      G
               +--------+--------+--------+--------+--------+-----+--------+
         Total |   1236 |   1188 |     48 |    255 |    681 |   2 |  618.0 |
       Dungeon |   1236 |   1188 |     48 |    255 |    681 |   2 |  618.0 |
               +--------+--------+--------+--------+--------+-----+--------+

Top non-repeatable levels by time:
     D:1: 1182 daAuts
     D:2: 53 daAuts
